 Dungeon Crawl Stone Soup version 0.23-a0-622-g59b4ea9 (webtiles) character file.

434 terep12 the Slasher (level 6, -1/51 HPs)
             Began as a Minotaur Berserker on Dec 23, 2018.
             Was a Priest of Trog.
             Succumbed to a gnoll's poison
             ... on level 4 of the Dungeon.
             The game lasted 00:11:51 (2556 turns).

terep12 the Slasher (Minotaur Berserker)            Turns: 2556, Time: 00:11:52

Health: -1/51      AC:  8    Str: 24    XL:     6   Next: 67%
Magic:  5/5        EV: 11    Int:  4    God:    Trog [***...]
Gold:   186        SH:  0    Dex:  9    Spells: 5/5 levels left

rFire    + . .     SeeInvis .   a - +0 falchion
rCold    + . .     Gourm    .   (no shield)
rNeg     . . .     Faith    .   h - +1 ring mail {rF+}
rPois    .         Spirit   .   (helmet restricted)
rElec    .         Reflect  .   m - +0 cloak
rCorr    .         Harm     .   (no gloves)
MR       ++...                  (no boots)
Stlth    +.........             (no amulet)
HPRegen  1.17/turn              g - ring of protection from cold
MPRegen  0.09/turn              (no ring)

@: lethally poisoned (-1 -> -16), regenerating
A: retaliatory headbutt, horns 2
a: Berserk, Trog's Hand, Renounce Religion


You were on level 4 of the Dungeon.
You worshipped Trog.
Trog was most pleased with you.
You were hungry.

You visited 1 branch of the dungeon, and saw 4 of its levels.

You collected 186 gold pieces.

Inventory:

Hand Weapons
 a - a +0 falchion (weapon)
Armour
 b - a +0 animal skin
 d - a +0 leather armour
 h - a +1 ring mail of fire resistance (worn)
 j - a +0 helmet
 m - a +0 cloak (worn)
 x - a +0 troll leather armour
Jewellery
 f - an uncursed ring of wizardry
 g - a ring of protection from cold (left hand)
 t - a cursed ring of attention
 v - an uncursed amulet of guardian spirit {unknown}
Wands
 i - a wand of disintegration (8)
Scrolls
 l - a scroll of fog {unknown}
 o - 2 scrolls of amnesia {unknown}
 p - 2 scrolls of identify
 q - a scroll of enchant armour {unknown}
 r - a scroll of magic mapping {unknown}
 u - a scroll of remove curse {unknown}
Potions
 e - a potion of heal wounds
 k - a potion of curing {unknown}
 n - 2 potions of magic {unknown}
 w - a potion of might {unknown}
Comestibles
 c - 12 rations
 s - a chunk of flesh


   Skills:
 - Level 3.6 Fighting
 + Level 7.9 Long Blades
 + Level 5.0 Armour
 - Level 2.1 Dodging
 + Level 0.4 Stealth


You had 5 spell levels left.
You didn't know any spells.
Your spell library was empty.

Dungeon Overview and Level Annotations

Branches:
Dungeon (4/15)             Temple (0/1) D:4

Altars:
Fedhas
Hepliaklqana
Uskayaw


Innate Abilities, Weirdness & Mutations

You reflexively headbutt those who attack you in melee.
You have a pair of horns on your head.


Message History

You hit the gnoll but do no damage. Your headbutt misses the gnoll.
* * * LOW HITPOINT WARNING * * *
You feel sick.
The gnoll hits you with a +0 spear of venom.
* * * LOW HITPOINT WARNING * * *
You are more poisoned.
Your ring mail prevents you from hitting the gnoll.
* * * LOW HITPOINT WARNING * * *
You feel very sick.
The gnoll hits you with a +0 spear of venom.
* * * LOW HITPOINT WARNING * * *
You are more poisoned.
Your skin crawls.
You feel resistant to hostile enchantments.
You feel somewhat more hungry.
* * * LOW HITPOINT WARNING * * *
You feel very sick. The gnoll closely misses you.
You barely miss the gnoll.
You die...

#...##.8. #........
#....8.>. .........
#...# #....#.8. #...#
#........ #...#
#.g...... #####...#
###@....... ..#.#...
#.)........
..+....#######).........
..#.##.##......###+#####
..)..).........+
.....##.#......#
.....##.'......#
.##))##.#......#
.##).##........#


You could see a gnoll.

Vanquished Creatures
  An orc warrior (D:3)
  An orc priest (D:4)
  Terence (D:2)
  3 orc wizards (D:4)
  A worker ant (D:3)
  Robin (D:2)
  3 gnolls (D:4)
  3 adders
  An ooze (D:1)
  A worm (D:3)
  3 dart slugs
  4 leopard geckos
  7 orcs
  2 ball pythons
  14 bats
  4 giant cockroaches
  15 goblins
  5 hobgoblins
  2 jackals (D:2)
  A quokka (D:2)
  3 frilled lizards
  8 kobolds
  12 rats
96 creatures vanquished.

Notes
Turn   | Place    | Note
-------+----------+-------------------------------------------
     0 | D:1      | terep12 the Minotaur Berserker began the quest for the Orb.
     0 | D:1      | Reached XP level 1. HP: 19/19 MP: 0/0
   203 | D:1      | Reached skill level 4 in Long Blades
   227 | D:1      | Reached XP level 2. HP: 26/26 MP: 1/1
   436 | D:1      | Reached XP level 3. HP: 29/31 MP: 2/2
   437 | D:1      | Reached ** piety under Trog
   686 | D:2      | Reached skill level 5 in Long Blades
   745 | D:2      | Found a hazy altar of Hepliaklqana.
   801 | D:2      | Noticed Robin
   818 | D:2      | Killed Robin
   821 | D:2      | Reached XP level 4. HP: 22/39 MP: 3/3
   875 | D:2      | Noticed Terence
   886 | D:2      | Killed Terence
  1063 | D:2      | Reached skill level 6 in Long Blades
  1634 | D:3      | Found a blossoming altar of Fedhas.
  1647 | D:3      | Reached *** piety under Trog
  1647 | D:3      | Reached XP level 5. HP: 31/45 MP: 4/4
  1663 | D:3      | Noticed a +0 hand axe
  1669 | D:3      | Found a hide-covered altar of Uskayaw.
  1669 | D:3      | Noticed a +0 hand axe
  1848 | D:3      | Noticed an orc warrior
  1861 | D:3      | Killed an orc warrior
  1861 | D:3      | Reached skill level 7 in Long Blades
  1861 | D:3      | Reached XP level 6. HP: 48/51 MP: 5/5
  2544 | D:4      | Found a staircase to the Ecumenical Temple.
  2549 | D:4      | Reached skill level 5 in Armour
  2555 | D:4      | HP: 1/51 [poisoned by a gnoll]
  2556 | D:4      | Succumbed to a gnoll's poison

Vault maps used:
D:1:      lemuel_arrival_tunnels, grunt_decor_one_mirror
D:2:      overflow_temple_1_default, bh_walls_and_bars, uniq_robin, uniq_terence
D:3:      dancing_weapons_uskayaw, fedhas_ov_isle_minmay
D:4:      minmay_temple_entry_statues_pillars, serial_co_window_serial,
          co_window_paths_a, co_window_paths_b, co_window_of_opportunity_a,
          co_window_paths_b, co_window_paths_a, co_window_paths_a,
          co_window_paths_a, co_window_paths_b, co_window_corner_a,
          co_window_corner_b, co_window_corner_b, co_window_broadway_c,
          co_window_broadway_c, glass_columns_b

Skill      XL: |  1  2  3  4  5  6 |
---------------+-------------------+-----
Long Blades    | 4 5 6 7 |  7.9
Armour         | 3 4 5 |  5.0
Fighting       | |  3.6
Dodging        | |  2.1
Stealth        | |  0.4

Action                   |  1- 3 |  4- 6 || total
-------------------------+-------+-------++-------
Melee: Falchion          |    77 |   110 ||   187
       Headbutt          |    14 |    25 ||    39
Invok: Berserk           |       |     2 ||     2
       Trog's Hand       |       |     2 ||     2
  Use: Scroll            |       |     1 ||     1
       Potion            |       |     1 ||     1
  Eat: Chunk             |       |     7 ||     7
Armor: Leather armour    |     4 |       ||     4
       Ring mail         |    20 |    60 ||    80
Dodge: Dodged            |    52 |    54 ||   106
       Rpst.: Falchion   |    14 |    14 ||    28

Table legend:
 A = Non-vault XP
 B = Vault XP
 C = Vault XP percentage of total XP
 D = Non-vault monster count
 E = Vault monster count
 F = Vault count percentage of total count
                 A         B        C        D         E       F
            +---------+---------+-------+---------+---------+-------
      Total |     552 |      68 |  11.0 |      85 |      11 |  11.5
            +---------+---------+-------+---------+---------+-------
        D:1 |      53 |       0 |   0.0 |      30 |       0 |   0.0
        D:2 |      51 |      68 |  57.1 |      21 |      11 |  34.4
        D:3 |     249 |       0 |   0.0 |      26 |       0 |   0.0
        D:4 |     199 |       0 |   0.0 |       8 |       0 |   0.0
            +---------+---------+-------+---------+---------+-------
